 Dungeon Crawl Stone Soup version 0.29.1-1-gd02db6906a (webtiles) character file.

Game seed: 1294223468868127952

228 Ordine the Caller (level 5, -3/22 HPs)
             Began as a Felid Summoner on Sept 17, 2022.
             Was an Initiate of Gozag.
             Slain by Dowan
             ... wielding a +0 dagger
              (4 damage)
             ... on level 4 of the Dungeon.
             The game lasted 00:18:09 (7790 turns).

Ordine the Caller (Felid Summoner)                  Turns: 7790, Time: 00:18:09

Health: -3/22      AC:  2    Str:  4    XL:     5   Next: 70%
Magic:  7/11       EV: 19    Int: 18    God:    Gozag
Gold:   225        SH:  0    Dex: 17    Spells: 2/11 levels left
                                        Lives:  0   Deaths: 1

rFire   . . .      SeeInvis +   (weapon unavailable)
rCold   . . .      Faith    .   (shield unavailable)
rNeg    . . .      Spirit   .   (body armour unavailable)
rPois   .          Reflect  .   (helmet unavailable)
rElec   .          Harm     .   (cloak unavailable)
rCorr   .          Rampage  .   (gloves unavailable)
Will    .....                   (boots unavailable)
Stlth   ++........              (no amulet)
HPRegen 0.07/turn               (no ring)
MPRegen 0.12/turn               (no ring)

@: quick
A: very small, claws 1, fangs 3, see invisible, speed 1, shaggy fur 2, stealthy
paws, no weapons or thrown items, no armour, multi-lived
a: Renounce Religion, Potion Petition, Call Merchant, Bribe Branch


You were on level 4 of the Dungeon.
You worshipped Gozag.
Gozag was aware of your devotion.
You visited 2 branches of the dungeon, and saw 6 of its levels.

You collected 261 gold pieces.
You paid 36 gold pieces to Gozag.

Inventory:

Wands
 m - a wand of flame (5)
Scrolls
 c - a scroll of enchant weapon {unknown}
 d - a scroll of vulnerability {unknown}
 f - 4 scrolls of identify {unknown}
 g - a scroll of fear {unknown}
 h - a scroll of brand weapon {unknown}
 k - a scroll of enchant armour {unknown}
 l - a scroll of noise {unknown}
Potions
 a - 2 potions of magic
 b - a potion of resistance {unknown}
 e - a potion of lignification {unknown}
 i - 3 potions of curing {unknown}
 j - 4 potions of brilliance {unknown}
 n - a potion of attraction {unknown}


   Skills:
 + Level 2.3 Fighting
 + Level 4.3 Dodging
 - Level 2.6 Stealth
 + Level 3.9 Spellcasting
 + Level 3.3 Hexes
 + Level 5.5 Summonings


You had 2 spell levels left.
You knew the following spells:

 Your Spells              Type           Power      Damage    Failure   Level
a - Summon Small Mammal   Summ           92%        N/A       1%          1
b - Call Imp              Summ           23%        N/A       2%          2
c - Call Canine Familiar  Summ           23%        N/A       4%          3
d - Summon Guardian Gole  Hex/Summ       19%        N/A       7%          3

Your spell library contained the following spells:

 Spells                   Type           Power      Damage    Failure   Level
 Freeze                   Ice            12%        1d4       16%         1
 Necrotise                Necr           12%        1d4       16%         1
 Frozen Ramparts          Ice            6%         1d1       41%         3
 Vampiric Draining        Necr           3%         2d6       41%         3
 Summon Lightning Spire   Summ/Air       13%        N/A       43%         4
 Hailstorm                Conj/Ice       3%         3d3       83%         4
 Agony                    Necr           3%         N/A       99%         5


Dungeon Overview and Level Annotations

Branches:
Dungeon (5/15)             Temple (1/1) D:4

Altars:
Cheibriados
Dithmenos
Elyvilon
Fedhas
Gozag
Hepliaklqana
Kikubaaqudgha
Makhleb
Nemelex Xobeh
Okawaru
Qazlal
Ru
Sif Muna
Trog
Uskayaw
Vehumet
Wu Jian
Xom
Yredelemnul
Zin
The Shining One

Shops:
D:1 (

Annotations:
D:4 Dowan
D:5 Grinder


Innate Abilities, Weirdness & Mutations

You have sharp claws.
You have razor-sharp teeth.
You have supernaturally acute eyesight. (SInv)
You cover ground quickly. (Speed+)
You are covered in thick fur. (AC +2)
Your paws help you pounce on unaware monsters.
You are incapable of wielding weapons or throwing items.
You cannot wear armour.
You gain extra lives every three experience levels.


Message History

Dowan breathes, "And she was my only..."
Unknown command.
You swap places.
Dowan gestures at you while chanting.
The stone arrow hits your guardian golem!
Something hits your guardian golem.
Your hound misses Dowan. Dowan closely misses your hound.
Your hound barely misses Dowan.
Dowan closely misses your hound.
Your hound closely misses Dowan.
Dowan hits your hound but does no damage.
Your hound closely misses Dowan.
Dowan closely misses your hound.
Your hound misses Dowan. Dowan gestures at you while chanting.
The stone arrow hits your hound!
Your hound bites Dowan.
Dowan gestures wildly while chanting.
Dowan blinks!
Dowan casts a spell at you. The stone arrow misses you.
Your hound barely misses Dowan.
Dowan attacks as you move away! Dowan hits you with a +0 dagger.
* * * LOW HITPOINT WARNING * * *
Dowan attacks as you move away! Dowan closely misses you.
Things that are here:
a +0 rapier; a +0 leather armour Dowan mumbles some strange words.
Dowan blinks!
Things that are here:
a +0 rapier; a +0 leather armour You swap places.
Dowan casts a spell.
Dowan blinks!
You swap places.
Dowan misses you.
Your hound bites Dowan.
Things that are here:
a +0 rapier; a +0 leather armour Your hound barely misses Dowan.
Dowan casts a spell at you. The shard of ice misses you.
Dowan attacks as you move away! Dowan hits you with a +0 dagger.
You die...
Your body crumbles into a pile of gold.

#.....# ##..## ##.........#
###'### ##..## ##........## #.ยง#
##<.## ##........## #..# ##..##
##.....#...# ## #..###
##..###.)....##... .###....###
##..........###.. ..........###
#............... #...........##
###.....(.........
#....####....###@.....)..........
#............9he#####.......^....
##............### ##...........
##...#####...## #............
###### ##..# ##............ #
##.# ##.####........ # #.# ##.##
##....... # #.# ##.## ##......
##.####.## #######


You could see Dowan (fast, ally target), a friendly guardian golem (summoned)
and a friendly hound (summoned, sheltered).

Vanquished Creatures
  An adder (D:4)
  2 ball pythons
  4 bats
  A giant cockroach (D:3)
  3 goblins
  2 hobgoblins
  2 kobolds (D:1)
  A quokka (D:3)
  2 frilled lizards
  A rat (D:1)
19 creatures vanquished.

Vanquished Creatures (collateral kills)
  A phantom (D:4)
  2 jellies (D:4)
  Ijyb (D:4)
  Robin (D:3)
  4 gnolls (D:4)
  3 adders
  An ufetubus (D:4)
  3 worms
  A dart slug (D:4)
  3 bats
  3 endoplasms
  5 giant cockroaches
  10 goblins
  8 hobgoblins
  2 jackals (D:3)
  8 kobolds
  A quokka (D:3)
  4 ball pythons
  A rat (D:1)
62 creatures vanquished.

Vanquished Creatures (others)
  Duvessa (D:4)
  A goblin (D:4)
  6 plants (D:1)
8 creatures vanquished.

Grand Total: 89 creatures vanquished

Notes
Turn   | Place    | Note
-------+----------+-------------------------------------------
     0 | D:1      | Ordine the Felid Summoner began the quest for the Orb.
     0 | D:1      | Reached XP level 1. HP: 7/7 MP: 4/4
    60 | D:1      | Found Lyff's Weapon Boutique.
   496 | D:1      | Reached XP level 2. HP: 10/11 MP: 3/6
   525 | D:1      | Learned a level 2 spell: Call Imp
  1604 | D:2      | Reached XP level 3. HP: 13/14 MP: 2/8
  1615 | D:2      | Learned a level 3 spell: Call Canine Familiar
  2417 | D:3      | Found a faded altar of an unknown god.
  3414 | D:3      | Reached XP level 4. HP: 18/18 MP: 5/9
  3418 | D:3      | Learned a level 3 spell: Summon Guardian Golem
  3775 | D:4      | Noticed a phantom
  4007 | D:4      | Reached skill level 5 in Summonings
  4038 | D:4      | Reached skill level 1 in Hexes
  4095 | D:4      | Killed a phantom
  4096 | D:4      | Reached skill level 1 in Fighting
  4096 | D:4      | Reached XP level 5. HP: 10/22 MP: 5/11
  4656 | D:4      | Noticed Ijyb
  4675 | D:4      | Killed Ijyb
  4750 | D:4      | Found a staircase to the Ecumenical Temple.
  4765 | Temple   | Entered the Ecumenical Temple
  5154 | Temple   | Became a worshipper of Gozag Ym Sagoz the Greedy
  5315 | D:4      | Noticed Robin
  5352 | D:4      | Gained mutation: You are covered in thick fur. (AC +2)
                  | [Felid growth]
  5352 | D:4      | Reached XP level 6. HP: 15/26 MP: 3/12
  5639 | D:3      | Killed Robin
  5842 | D:4      | Noticed Duvessa
  5842 | D:4      | Noticed Dowan
  6658 | D:5      | Entered Level 5 of the Dungeon
  6658 | D:5      | Noticed Grinder
  7591 | D:4      | Killed Duvessa
  7602 | D:4      | Slain by Dowan
  7603 | D:4      | Reached XP level 5. HP: -2/22 MP: 1/11
  7781 | D:4      | HP: 1/22 [Dowan/+0 dagger (3)]
  7790 | D:4      | Slain by Dowan

Illustrated notes

Levels and vault maps discovered:
D:1:      lordsloth_arrival_two_stooges, layout_basic, serial_forest,
          infiniplex_forest_clump_curved, infiniplex_forest_clump_curved,
          infiniplex_forest_pool, infiniplex_forest_clump_medium, serial_shops,
          nicolae_shop_competitors_out_of_business,
          chequers_serial_rivers_small_b
D:2:      layout_rooms, minmay_misc_feat_tower
D:3:      layout_loops_corners, ebering_ecumenical_altar_rust
D:4:      layout_layer_cave, minmay_temple_entry_hall,
          nicolae_figureground_pulse, uniq_ijyb, uniq_robin, uniq_duvessa
D:5:      layout_basic, serial_shops, nicolae_shop_crystal, solitary_fountain,
          uniq_grinder, uniq_sigmund, uniq_menkaure
Temple:   mainiacjoe_temple_trianglar_array

Skill      XL: |  1  2  3  4  5  6 |
---------------+-------------------+-----
Spellcasting   | 3 |  3.9
Summonings     | 5 |  5.5
Hexes          | 1 2 3 |  3.3
Fighting       | 1 2 |  2.3
Dodging        | 3 4 |  4.3
Stealth        | |  2.6

Action                   |  1- 3 |  4- 6 || total
-------------------------+-------+-------++-------
Melee: Unarmed           |    72 |    16 ||    88
       Bite              |    10 |     3 ||    13
       Punch             |     1 |     1 ||     2
 Cast: Summon Small Mamm |    54 |    27 ||    81
       Call Imp          |    10 |    28 ||    38
       Call Canine Famil |       |    12 ||    12
       Summon Guardian G |       |     5 ||     5
 Stab: Sleeping          |     6 |     1 ||     7
       Distracted        |     1 |       ||     1
Armor: Skin              |     6 |     1 ||     7
Dodge: Dodged            |    67 |    54 ||   121
